 Dungeon Crawl Stone Soup version 0.30-a0-1018-g25214051b3 (webtiles) character file.

Game seed: 11248332335820739393

49 ThatPearl the Chopper (level 3, -1/33 HPs)
             Began as a Hill Orc Monk on Apr 8, 2023.
             Slain by a gnoll
             ... wielding a +0 whip
              (4 damage)
             ... on level 2 of the Dungeon.
             The game lasted 00:02:32 (1499 turns).

ThatPearl the Chopper (Hill Orc Monk)               Turns: 1499, Time: 00:02:32

Health: -1/33      AC:  6    Str: 15    XL:     3   Next: 75%
Magic:  3/3        EV: 11    Int: 10    God:
Gold:   81         SH:  0    Dex: 13    Spells: 2/2 levels left

rFire   . . .      SeeInvis .    a - +0 hand axe
rCold   . . .      Faith    .    (no shield)
rNeg    . . .      Spirit   .    q - +0 ring mail
rPois   .          Reflect  .    p - +0 helmet
rElec   .          Rampage  .    (no cloak)
rCorr   .                        (no gloves)
Will    .....                    (no boots)
Stlth   +                        (no amulet)
HPRegen 0.25/turn                (no ring)
MPRegen 0.08/turn                (no ring)

@: no status effects
A: no striking features
a: no special abilities


You were on level 2 of the Dungeon.
You visited 1 branch of the dungeon, and saw 2 of its levels.

You collected 81 gold pieces.

Inventory:

Hand Weapons
 a - a +0 hand axe (weapon)
Missiles
 k - 5 poisoned darts (quivered)
 m - 37 stones
Armour
 p - a +0 helmet (worn)
 q - a +0 ring mail (worn)
 r - the +1 plate armour "Wolan" {rC+}
   (You found it on level 2 of the Dungeon)

   rC:        It protects you from cold.
Scrolls
 b - a scroll of magic mapping {unknown}
 e - a scroll of blinking {unknown}
 f - 3 scrolls of identify {unknown}
 g - 3 scrolls of teleportation {unknown}
 h - a scroll of silence {unknown}
 i - 2 scrolls of amnesia {unknown}
 j - a scroll of enchant weapon {unknown}
 l - a scroll of poison {unknown}
Potions
 c - a potion of ambrosia
 d - 2 potions of curing {unknown}
 n - 2 potions of brilliance {unknown}
 o - a potion of attraction {unknown}
 s - a potion of degeneration {unknown}


   Skills:
 + Level 4.2 Fighting
 * Level 4.8 Axes
 + Level 0.6 Armour
 - Level 2.6 Dodging
 - Level 2.0 Stealth


You had 2 spell levels left.
You didn't know any spells.
Your spell library was empty.

Dungeon Overview and Level Annotations

Branches:
Dungeon (2/15)

Altars:
Sif Muna


Message History

You barely miss the gnoll.
The gnoll is severely wounded.
The gnoll hits you from afar with a +0 spear.
The gnoll closely misses you.
You closely miss the gnoll.
The gnoll is severely wounded.
The gnoll hits you from afar with a +0 spear.
You hit the gnoll.
The gnoll is almost dead.
The gnoll hits you from afar with a +0 spear.
The gnoll closely misses you. The gnoll hits you with a +0 spear.
You hit the gnoll.
The gnoll is almost dead.
The gnoll hits you from afar with a +0 spear.
* * * LOW HITPOINT WARNING * * *
The gnoll hits you with a +0 spear.
* * * LOW HITPOINT WARNING * * *
The gnoll misses you.
The gnoll hits you from afar with a +0 spear.
The gnoll hits you with a +0 spear!
* * * LOW HITPOINT WARNING * * *
You hit the gnoll but do no damage.
The gnoll is severely wounded.
The gnoll hits you but does no damage.
You hit the gnoll.
You kill the gnoll!
The gnoll hits you from afar with a +0 spear.
* * * LOW HITPOINT WARNING * * *
You hit the gnoll.
The gnoll is lightly wounded.
The gnoll barely misses you.
The gnoll hits you from afar with a +0 spear.
* * * LOW HITPOINT WARNING * * *
The gnoll barely misses you.
You see here a +0 spear.
You hit the gnoll.
The gnoll is heavily wounded.
The gnoll hits you with a +0 whip.
You die...

# #.#........##.8.## #
#)#..#.#.###.....### .
####.#..#.###..).<....###.#
.....#..#.#.............#.#
######..#.+.8...###...8...#
#..###...###.###...###
#..####'###g#..##.###
#..#....# #.#.###.#.###...
#..#.#### #@g.# #.........
#....# ###.###.#.######
#.##†# #.....#.# #.##.#
###.###.# #.##.# #.# #.#
#.##.## #.# #.# #...).# #.#
#.# ####..# #g# #.#
#..#########.###.#


You could see 2 gnolls.

Vanquished Creatures
  A gnoll (D:2)
  2 adders (D:2)
  A dart slug (D:1)
  3 ball pythons
  3 goblins
  6 kobolds
  A quokka (D:2)
  2 frilled lizards (D:2)
  5 rats
24 creatures vanquished.

Notes
Turn   | Place    | Note
-------+----------+-------------------------------------------
     0 | D:1      | ThatPearl the Hill Orc Monk began the quest for the Orb.
     0 | D:1      | Reached XP level 1. HP: 19/19 MP: 1/1
    72 | D:1      | You fall into a shaft and drop 1 floor!
    72 | D:2      | Found a shimmering blue altar of Sif Muna.
   210 | D:1      | Reached XP level 2. HP: 27/27 MP: 2/2
  1154 | D:2      | Reached XP level 3. HP: 32/33 MP: 3/3
  1418 | D:2      | Identified the +1 plate armour "Wolan" {rC+}
  1499 | D:2      | Slain by a gnoll

Illustrated notes

Levels and vault maps discovered:
D:1:      onia_arrival_mini_maze_b, layout_basic
D:2:      layout_loops_ring, basic_altar, grunt_ministairs_13

Skill      XL: |  1  2 |
---------------+-------+-----
Fighting       | 4 |  4.2
Stealth        | 2 |  2.0
Axes           | |  4.8
Armour         | |  0.6
Dodging        | |  2.6

Action                     || total
---------------------------++-------
  Melee: Hand axe          ||    81
         Punch             ||     1
   Stab: Sleeping          ||     2
 Armour: Robe              ||     3
         Ring mail         ||    11
  Dodge: Dodged            ||    42

Table legend: (Time is in decaauts)
 A = Elapsed time spent in this place.
 B = Non-inter-level travel time spent in this place.
 C = Inter-level travel time spent in this place.
 D = Time resting spent in this place.
 E = Time spent auto-exploring this place.
 F = Levels seen in this place.
 G = Mean time per level.
                   A        B        C        D        E       F      G
               +--------+--------+--------+--------+--------+-----+--------+
         Total |   1505 |   1341 |    164 |      0 |   1010 |   2 |  752.5 |
       Dungeon |   1505 |   1341 |    164 |      0 |   1010 |   2 |  752.5 |
               +--------+--------+--------+--------+--------+-----+--------+

Top non-repeatable levels by time:
     D:1: 897 daAuts
     D:2: 608 daAuts
